 Dungeon Crawl Stone Soup version 0.21-a0-401-g0b6bec4 (webtiles) character file.

10196 tilp the Fighter (level 11, 0/79 HPs)
             Began as a Gargoyle Fighter on Oct 22, 2017.
             Was a Priest of Uskayaw.
             Slain by an orc warrior
             ... wielding a +2 glaive of protection
              (33 damage)
             ... on level 1 of the Orcish Mines.
             The game lasted 00:31:56 (10118 turns).

tilp the Fighter (Gargoyle Fighter)                Turns: 10118, Time: 00:31:58

Health: 0/79       AC: 21    Str: 28    XL:     11   Next: 58%
Magic:  4/12       EV:  6    Int: 10    God:    Uskayaw [***...]
Gold:   278        SH: 10    Dex: 13    Spells: 10/10 levels left

rFire    . . .     SeeInvis .   g - +1 war axe "Raqauxu" {chop, *Rage Str+6 Dex+4}
rCold    . . .     Gourm    .   c - +0 shield
rNeg     + . .     Faith    .   r - +0 chain mail
rPois    ∞         Spirit   .   o - +0 helmet
rElec    +         Reflect  .   v - +0 cloak
rCorr    .         Harm     .   J - +0 pair of gloves {archery}
MR       .....     Clarity  +   R - +0 pair of boots
Stlth    ..........             (no amulet)
HPRegen  0.23/turn              (no ring)
MPRegen  0.13/turn              (no ring)

@: no status effects
A: big wings, clarity, high mp 1, negative energy resistance 1, electricity
resistance, wild magic 1, unbreathing, petrification resistance, rot immunity,
AC +8
a: Fly, Stomp, Line Pass, Renounce Religion


You were on level 1 of the Orcish Mines.
You worshipped Uskayaw.
Uskayaw was noncommittal.
You were hungry.

You visited 3 branches of the dungeon, and saw 12 of its levels.

You collected 668 gold pieces.
You spent 390 gold pieces at shops.

Inventory:

Hand Weapons
 a - a +0 war axe
 g - the +1 war axe "Raqauxu" (weapon) {chop, *Rage Str+6 Dex+4}
   (You bought it in a shop on level 5 of the Dungeon)

   It inflicts extra damage upon your enemies.
   It affects your strength (+6).
   It affects your dexterity (+4).
   It may make you go berserk in combat.
 x - a cursed -2 mace
 C - a cursed -3 hand axe
 D - a +0 war axe of draining
 F - a cursed +2 battleaxe of freezing
Missiles
 h - 309 stones
 A - 2 tomahawks of returning
 B - 9 tomahawks (quivered)
 G - 5 javelins
Armour
 c - a +0 shield (worn)
 o - a +0 helmet (worn)
 r - a +0 chain mail (worn)
 v - a +0 cloak (worn)
 E - a +0 leather armour of magic resistance
 J - a +0 pair of gloves of archery (worn)
 R - a +0 pair of boots (worn)
 U - a cursed +0 leather armour
Jewellery
 d - the cursed necklace of Bloodlust {*Rage +Rage MR++ Int-3 Slay+6 *Curse}
   (You took it off a centaur on level 4 of the Dungeon)

   [amulet of rage]

   It affects your intelligence (-3).
   It affects your accuracy and damage with ranged weapons and melee attacks
   (+6).
   It affects your resistance to hostile enchantments.
   It lets you go berserk.
   It may make you go berserk in combat.
   It curses itself when equipped.
   It has a curse placed upon it.
 m - an uncursed ring of fire {unknown}
 z - a +2 ring of strength {unknown}
 X - an uncursed amulet of the gourmand {unknown}
Wands
 b - a wand of acid (10/15)
 p - a wand of flame (25/48)
 K - a wand of confusion (35/48)
 M - a wand of paralysis (14/24)
 O - a wand of flame (30/48)
 T - a wand of acid (3/15)
Scrolls
 e - 8 scrolls of teleportation
 j - a scroll of fog {unknown}
 k - a scroll of enchant armour {unknown}
 n - 4 scrolls of magic mapping
 s - 6 scrolls of remove curse
 u - a scroll of random uselessness {unknown}
 w - 2 scrolls of fear {unknown}
 y - a scroll of vulnerability {unknown}
 I - a scroll of enchant weapon {unknown}
 S - 2 scrolls of summoning
 Y - a scroll of brand weapon {unknown}
Potions
 i - 2 potions of agility
 q - a potion of resistance
 H - 5 potions of curing
 L - a potion of heal wounds
 N - a potion of ambrosia
 P - a potion of brilliance {unknown}
 Q - a potion of degeneration {unknown}
Miscellaneous
 V - a sack of spiders
 Z - a box of beasts
Comestibles
 f - 10 bread rations
 l - 9 meat rations
 t - 17 royal jellies


   Skills:
 + Level 13.7 Fighting
 + Level 11.6 Axes
 - Level 3.2 Armour
 - Level 3.2 Shields


You had 10 spell levels left.
You didn't know any spells.

Dungeon Overview and Level Annotations

Branches:
Dungeon (10/15)            Temple (1/1) D:7            Lair (0/6) D:10
    Orc (1/2) D:10

Altars:
Ashenzari
Cheibriados
Dithmenos
Elyvilon
Fedhas
Gozag
Hepliaklqana
Kikubaaqudgha
Makhleb
Nemelex Xobeh
Okawaru
Qazlal
Ru
Sif Muna
Trog
Uskayaw
Vehumet
Wu Jian
Xom
Yredelemnul
Zin
The Shining One

Shops:
D:4 %[[   D:5 **(((

Annotations:
D:3 Sigmund
D:4 arkorax's ghost, novice KoBe


Innate Abilities, Weirdness & Mutations

You are resistant to torment.
Your stone body is resilient. (AC +8)
You are immune to poison.
You resist negative energy. (rN+)
You are resistant to electric shocks. (rElec)
You can survive without breathing.
You are immune to petrification.
You are immune to rotting.
Your large and strong wings let you fly indefinitely.
You possess an exceptional clarity of mind.
You have an increased reservoir of magic. (+10% MP)
Your spells are a little harder to cast, but a little more powerful.


Message History

You can now merge with and destroy a victim.
Unknown command.
You stomp with the beat, sending a shockwave through the revelers around you!
You kill the orc! x2
The orc knight is moderately wounded.
You feel somewhat more hungry.
You can no longer merge with and destroy a victim.
The orc warrior throws a tomahawk.
The tomahawk barely misses you.
The orc warrior hits you from afar with a glaive of protection.
The orc knight barely misses you.
Unknown command.
You stomp with the beat, sending a shockwave through the revelers around you!
The orc is heavily wounded.
The orc priest is moderately wounded.
The orc knight is heavily wounded.
You feel somewhat more hungry. You block the orc's attack.
The orc priest calls down the wrath of Beogh upon you.
Beogh smites you!
The orc warrior hits you from afar with a glaive of protection!!
You die...

*,,,,,,,,,,,,,,,,,,,****,**,
**,,,...........,..,,,,*,**,,
***,,,,..........,#.,,,,,,,,,,,
**,,,,,,............,,,,,,,,,,,,
*,,,,,,,.........#.*,*,,,**,,,,,
***,,,,,,.........o***********,,,
*,*,*,,,*........o** ***,** *,,,,
,,,,,,,,,......oo#* **,,,,****,*,
,,,,,,,,,....ooo@# **,,,,*,**,,,*
,,,,,,,,,.....o).#**,,,,,,,,****,
,,,,,,,,,...o.####*,,,,,,,,,** *,
,,,,,,,,,o...** *≈≈≈,,,,,,,≈***,
*,*,,,,,,...,,* *≈≈≈≈,,,,,≈≈≈**,
**,,,,,,,..,,*****,,,≈≈,,≈≈≈≈≈**,
**,,,,,,,.,,,**,***,,≈≈≈≈≈,≈≈,**,
*,,,,,,_,,,,*,,,,***,,≈≈≈≈≈≈,,**,
**,*,,,,,,,,,,,,,* **,,,,≈≈,,,,*,


You could see an orc knight, 3 orc warriors, an orc priest, an orc wizard and 4
orcs.

Vanquished Creatures
  A two-headed ogre (D:9)
  The ghost of p0werm0de the Cleaver, a novice GrCK of Xom (D:9)
  The ghost of arkorax the Cleaver, a novice DDMo of Makhleb (D:6)
  The ghost of Rhok the Transmogrifier, a novice FeTm of Sif Muna (D:8)
  The ghost of Kavrick the Chopper, a novice DsFi (D:5)
  A queen bee (D:9)
  Grinder (D:4)
  A hippogriff (D:7)
  3 yaks
  A wyvern (D:9)
  A hungry ghost (D:7)
  2 wargs
  2 hell hounds (D:9)
  6 ice beasts
  7 orc warriors
  3 sky beasts
  2 eyes of draining (D:3)
  2 phantoms
  5 ogres
  A necrophage (D:8)
  5 centaurs
  2 bullfrogs
  33 killer bees
  9 wights
  4 crimson imps
  A bullfrog zombie (D:6)
  A jelly (D:2)
  2 quasits
  5 orc priests
  4 hounds
  9 orc wizards
  2 centaur skeletons
  A gnoll shaman (D:6)
  Crazy Yiuf (D:2)
  A bullfrog skeleton (D:6)
  5 worker ants
  2 killer bee zombies
  2 hound skeletons
  A howler monkey zombie (D:6)
  10 gnolls
  A worker ant zombie (D:6)
  17 adders
  A howler monkey skeleton (D:9)
  2 adder zombies
  2 adder skeletons
  A worm (D:4)
  5 dart slugs
  9 leopard geckos
  60 orcs
  6 giant cockroaches
  12 goblins
  10 hobgoblins
  5 jackals
  2 quokkas
  3 ball pythons
  8 bats
  4 frilled lizards
  2 jackal skeletons (D:6)
  A jackal zombie (D:9)
  4 kobolds
  2 quokka zombies
  7 rats
307 creatures vanquished.

Notes
Turn   | Place    | Note
-------+----------+-------------------------------------------
     0 | D:1      | tilp the Gargoyle Fighter began the quest for the Orb.
     0 | D:1      | Reached XP level 1. HP: 14/14 MP: 1/1
    19 | D:1      | Reached XP level 2. HP: 16/19 MP: 2/2
   307 | D:1      | Reached skill level 4 in Fighting
   307 | D:1      | Reached XP level 3. HP: 22/24 MP: 3/3
   594 | D:2      | Found a blossoming altar of Fedhas.
   716 | D:2      | Reached XP level 4. HP: 29/30 MP: 4/4
   854 | D:2      | Reached XP level 5. HP: 28/34 MP: 5/5
   931 | D:2      | Found a runed door.
   935 | D:2      | Noticed Crazy Yiuf
   943 | D:2      | Killed Crazy Yiuf
   943 | D:2      | Reached skill level 5 in Fighting
  1048 | D:2      | Found a faded altar of an unknown god.
  1093 | D:2      | Found an opulent altar of Gozag.
  1302 | D:3      | Found a shadowy altar of Dithmenos.
  1353 | D:3      | Noticed Sigmund
  1683 | D:3      | Found a bloodstained altar of Trog.
  1683 | D:3      | Noticed an eye of draining
  1700 | D:3      | Killed an eye of draining
  1700 | D:3      | Reached XP level 6. HP: 39/41 MP: 0/6
  1701 | D:3      | Noticed an eye of draining
  1709 | D:3      | Killed an eye of draining
  1709 | D:3      | Reached skill level 6 in Fighting
  1903 | D:3      | Found a sparkling altar of Nemelex Xobeh.
  2087 | D:3      | Found a white marble altar of Elyvilon.
  2234 | D:3      | Reached XP level 7. HP: 42/47 MP: 7/7
  2383 | D:4      | Noticed arkorax's ghost (novice KoBe)
  2465 | D:4      | Reached skill level 5 in Axes
  2816 | D:4      | Reached skill level 7 in Fighting
  2835 | D:4      | Found Isyecwa's Armour Shoppe.
  2839 | D:4      | Bought a +0 pair of gloves for 49 gold pieces
  2933 | D:4      | Found Wech's Antique Armour Emporium.
  2950 | D:4      | Gained mutation: Your spells are a little harder to cast, but a little more powerful. [potion of mutation]
  2950 | D:4      | Gained mutation: Your large and strong wings let you fly indefinitely. [potion of mutation]
  2950 | D:4      | Gained mutation: You possess an exceptional clarity of mind. [potion of mutation]
  2950 | D:4      | Gained mutation: You have an increased reservoir of magic. (+10% MP) [potion of mutation]
  2957 | D:4      | HP: 2/48 [orc wizard/magic dart (4)]
  3184 | D:4      | Reached XP level 8. HP: 42/53 MP: 8/8
  3436 | D:4      | Found Narokloa's Food Shop.
  3467 | D:4      | Noticed Grinder
  3467 | D:4      | Paralysed by Grinder for 2 turns
  3475 | D:4      | Paralysed by Grinder for 4 turns
  3491 | D:4      | Killed Grinder
  3491 | D:4      | Reached skill level 8 in Fighting
  3748 | D:4      | Found an ancient bone altar of Kikubaaqudgha.
  3770 | D:4      | Found a hide-covered altar of Uskayaw.
  3770 | D:4      | Found a basalt altar of Yredelemnul.
  3773 | D:4      | Found a snail-covered altar of Cheibriados.
  3774 | D:4      | Found a burning altar of Makhleb.
  3778 | D:4      | Became a worshipper of Uskayaw the Reveler
  3819 | D:5      | Entered Level 5 of the Dungeon
  3819 | D:5      | Found Vaekau's Antique Weapon Boutique.
  3862 | D:5      | Reached * piety under Uskayaw
  3920 | D:5      | You fall through a shaft!
  3937 | D:6      | Reached ** piety under Uskayaw
  3939 | D:6      | Reached *** piety under Uskayaw
  3946 | D:6      | Reached **** piety under Uskayaw
  3962 | D:6      | Reached ***** piety under Uskayaw
  4004 | D:5      | Reached skill level 9 in Fighting
  4007 | D:5      | Found Xotziev's Weapon Shop.
  4026 | D:5      | Bought an ichor-stained war axe for 221 gold pieces
  4026 | D:5      | Identified the +1 war axe "Raqauxu" {chop, *Rage Str+6 Dex+4} (You bought it in a shop on level 5 of the Dungeon)
  4130 | D:5      | Found Enyethy's General Store.
  4270 | D:5      | Noticed Kavrick's ghost (novice DsFi)
  4307 | D:5      | Killed Kavrick's ghost
  4307 | D:5      | Reached XP level 9. HP: 49/61 MP: 5/9
  4403 | D:5      | Found Etroxol's Weapon Shoppe.
  4421 | D:5      | Found Kosh's Assorted Antiques.
  4547 | D:6      | Noticed arkorax's ghost (novice DDMo)
  4722 | D:6      | Reached skill level 10 in Fighting
  5037 | D:6      | Killed arkorax's ghost
  5596 | D:7      | Reached skill level 11 in Fighting
  5596 | D:7      | Reached XP level 10. HP: 66/69 MP: 11/11
  6034 | D:7      | Found a staircase to the Ecumenical Temple.
  6108 | Temple   | Entered the Ecumenical Temple
  6786 | D:8      | Noticed Rhok's ghost (novice FeTm)
  6804 | D:8      | Killed Rhok's ghost
  6804 | D:8      | Reached skill level 10 in Axes
  6997 | D:8      | Reached skill level 12 in Fighting
  7531 | D:5      | Bought a scroll of teleportation for 33 gold pieces
  7531 | D:5      | Bought a scroll of noise for 11 gold pieces
  7531 | D:5      | Bought a scroll of amnesia for 38 gold pieces
  7531 | D:5      | Bought a scroll of immolation for 38 gold pieces
  7618 | D:9      | Noticed p0werm0de's ghost (novice GrCK)
  7712 | D:9      | Found a stormy altar of Qazlal.
  7852 | D:9      | Reached ****** piety under Uskayaw
  8226 | D:9      | Reached XP level 11. HP: 76/76 MP: 12/12
  8425 | D:9      | Killed p0werm0de's ghost
  8425 | D:9      | Reached skill level 13 in Fighting
  8734 | D:9      | Noticed a two-headed ogre
  8741 | D:9      | Killed a two-headed ogre
  8788 | D:9      | Found a shimmering altar of Xom.
  8788 | D:9      | Found a shimmering altar of Xom.
  8788 | D:9      | Found a shimmering altar of Xom.
  8790 | D:9      | Found a shimmering altar of Xom.
  8791 | D:9      | Found a shimmering altar of Xom.
  8791 | D:9      | Found a shimmering altar of Xom.
  8792 | D:9      | Found a shimmering altar of Xom.
  8792 | D:9      | Found a shimmering altar of Xom.
  8922 | D:10     | Entered Level 10 of the Dungeon
  8922 | D:10     | Found a staircase to the Orcish Mines.
  9376 | D:10     | Found a staircase to the Lair.
 10099 | Orc:1    | Entered Level 1 of the Orcish Mines
 10104 | Orc:1    | Noticed an orc knight
 10118 | Orc:1    | Slain by an orc warrior

Vault maps used:
D:1:      mrwooster_arrival_statue_3, bh_walls_and_bars
D:2:      fedhas_altar_3, nicolae_gozag_cash_rules_everything_around_me,
          chequers_ecumenical_altar_island, uniq_crazy_yiuf_cottage
D:3:      trog_eyes_of_draining, nemelex_altar_shiori,
          nicolae_dithmenos_shadow_blocks, nicolae_overflow_crystal_walls,
          first_bread, uniq_sigmund
D:4:      minitemple, serial_shops, shop, shop, nicolae_shop_trees, uniq_grinder
D:5:      serial_shops, shop, shop, nicolae_shop_behind_doors,
          nicolae_shop_trees, shop
D:6:      grunt_ministairs_15, supply_closet_lemuel, serial_bayou_crossing
D:7:      minmay_temple_entry_fiery
D:9:      grunt_qazlal_clouds, xom_shifter_show, grunt_ogre_cave
D:10:     minmay_lair_entry_lava, david_orc_3, minivault_1
Temple:   chequers_temple_sunken
Orc:1:    portal_ice_cave_entry_pillars_1, basic_altar, mines_bat_river

Skill      XL: |  1  2  3  4  5  6  7  8  9 10 11 |
---------------+----------------------------------+-----
Axes           | 2 3 4 5 7 9 10 11 | 11.6
Fighting       | 4 5 6 7 9 11 12 13 | 13.7
Armour         | |  3.2
Shields        | |  3.2

Action                   |  1- 3 |  4- 6 |  7- 9 | 10-12 || total
-------------------------+-------+-------+-------+-------++-------
Melee: War axe           |   121 |   246 |   328 |   429 ||  1124
Invok: Stomp             |       |       |     4 |     7 ||    11
       Line Pass         |       |       |       |     1 ||     1
  Use: Potion            |       |       |     4 |       ||     4
       Scroll            |       |       |       |     8 ||     8
 Stab: Distracted        |       |       |     1 |       ||     1
       Paralysed         |       |       |     9 |    26 ||    35
       Confused          |       |       |       |     1 ||     1
  Eat: Chunk             |       |     5 |     9 |     8 ||    22
       Fruit             |       |       |     2 |       ||     2
       Royal jelly       |       |       |     1 |     2 ||     3
       Meat ration       |       |       |       |     1 ||     1
Armor: Scale mail        |    77 |       |       |       ||    77
       Chain mail        |    17 |   213 |   198 |   314 ||   742
Dodge: Dodged            |    56 |    61 |    78 |   124 ||   319
Block: Shield            |    92 |   158 |   176 |   268 ||   694

Table legend:
 A = Spawn XP
 B = Non-spawn XP
 C = Spawn XP percentage of total XP
 D = Spawn monster count
 E = Non-spawn monster count
 F = Spawn count percentage of total count
 G = Total turns spent on level
                    A         B        C        D         E        F      G
               +---------+---------+-------+---------+---------+-------+---------
         Total |       0 |   14566 |   0.0 |       0 |     307 |   0.0 | 10118
               +---------+---------+-------+---------+---------+-------+---------
           D:1 |       0 |      59 |   0.0 |       0 |      23 |   0.0 |   584
           D:2 |       0 |     171 |   0.0 |       0 |      28 |   0.0 |   662
           D:3 |       0 |     412 |   0.0 |       0 |      44 |   0.0 |  1177
           D:4 |       0 |    1105 |   0.0 |       0 |      38 |   0.0 |  1396
           D:5 |       0 |     675 |   0.0 |       0 |      11 |   0.0 |   742
           D:6 |       0 |    2086 |   0.0 |       0 |      43 |   0.0 |  1075
           D:7 |       0 |    1001 |   0.0 |       0 |      14 |   0.0 |   735
           D:8 |       0 |    1908 |   0.0 |       0 |      21 |   0.0 |  1054
           D:9 |       0 |    5922 |   0.0 |       0 |      58 |   0.0 |  1719
          D:10 |       0 |     776 |   0.0 |       0 |      15 |   0.0 |   770
         Orc:1 |       0 |     451 |   0.0 |       0 |      12 |   0.0 |    19
               +---------+---------+-------+---------+---------+-------+---------
